 Dungeon Crawl Stone Soup version 0.27-a0-1147-gb3d8e82157 (webtiles) character file.

Game seed: 4655907020478545538

7 siradein the Slasher (level 1, 0/12 HPs)
             Began as a Vampire Gladiator on May 11, 2021.
             Slain by a quokka (1 damage)
             ... on level 1 of the Dungeon.
             The game lasted 00:00:51 (534 turns).

siradein the Slasher (Vampire Gladiator)             Turns: 534, Time: 00:00:52

Health: 0/12       AC:  4    Str: 13    XL:     1   Next: 83%
Magic:  1/1        EV: 12    Int: 10    God:
Gold:   13         SH:  0    Dex: 15    Spells: 0/0 levels left

rFire    . . .     SeeInvis +   a - +0 long sword
rCold    + + .     Faith    .   (no shield)
rNeg     + + +     Spirit   .   b - +0 leather armour
rPois    ∞         Reflect  .   c - +0 helmet
rElec    .         Harm     .   (no cloak)
rCorr    .         Rampage  .   (no gloves)
Will     .....                  (no boots)
Stlth    +++.......             (no amulet)
HPRegen  0.00/turn              (no ring)
MPRegen  0.07/turn              (no ring)

@: bloodless
A: bloodless, fangs 3, see invisible, vampiric 1
a: Revivify


You were on level 1 of the Dungeon.
You visited 1 branch of the dungeon, and saw 1 of its levels.

You collected 13 gold pieces.

Inventory:

Hand Weapons
 a - a +0 long sword (weapon)
Missiles
 d - 3 throwing nets (quivered)
Armour
 b - a +0 leather armour (worn)
 c - a +0 helmet (worn)
Scrolls
 g - a scroll of blinking {unknown}
Potions
 e - a potion of cancellation {unknown}
 f - 3 potions of brilliance {unknown}


   Skills:
 - Level 1.7 Fighting
 + Level 3.5 Long Blades
 - Level 1.5 Throwing
 - Level 3.2 Dodging


You couldn't memorise any spells.
You didn't know any spells.
Your spell library was empty.

Dungeon Overview and Level Annotations

Branches:
Dungeon (1/15)

Altars:


Innate Abilities, Weirdness & Mutations

You do not regenerate when monsters are visible.
You are frail without blood (-20% HP).
You can heal yourself when you bite living creatures.
You are immune to poison.
You have razor-sharp teeth.
You have supernaturally acute eyesight. (SInv)
You are afflicted with vampirism.


Message History

You kill the rat!
No target in view!
No target in view!
You see here a rat corpse.
g - a scroll labelled REUZEM GYWUQAW You open the door.
A quokka comes into view.
There is an open door here.
A quokka is nearby!
A rat comes into view.
The rat barely misses you.
You closely miss the rat. The rat barely misses you.
You hit the quokka but do no damage. The quokka closely misses you.
The rat completely misses you.
You riposte.
You closely miss the rat. The quokka bites you.
You barely miss the quokka. The quokka bites you. The rat bites you.
You miss the quokka. Your bite misses the quokka. The quokka barely misses you.
You riposte.
You closely miss the quokka. The rat bites you but does no damage.
The quokka barely misses you. The rat bites you but does no damage.
You barely miss the quokka. The quokka bites you.
The rat completely misses you.
You riposte.
You barely miss the rat. The quokka barely misses you.
You hit the quokka. Your bite misses the quokka.
The quokka is severely wounded.
The rat barely misses you. The quokka bites you.
You are too injured to fight recklessly!
You are too injured to fight recklessly!
You are too injured to fight recklessly!
You are too injured to fight recklessly!
You are too injured to fight recklessly!
You are too injured to fight recklessly!
You barely miss the rat. The rat bites you. The quokka bites you.
* * * LOW HITPOINT WARNING * * *
The rat barely misses you.
You hit the rat.
You kill the rat!
The quokka closely misses you. The quokka bites you.
* * * LOW HITPOINT WARNING * * *
The quokka bites you.
You die...

#.#####.####.##...##
#.#.†.........##.##
#.#.###.####.###.#
#.#.# #.# ### #.#
#.#.###.# ##+##
#.......# ##...##
###.##### ##.....##
#.##.## ##.......##
#.#...####.@r......#
#........'.........+
#.#...####.........#
#.##.## ##.......##
#.#### ##.....## #.#
##...## #.. ##+##
###


You could see a quokka.

Vanquished Creatures
  A bat (D:1)
  A goblin (D:1)
  A hobgoblin (D:1)
  A frilled lizard (D:1)
  3 rats (D:1)
7 creatures vanquished.

Notes
Turn   | Place    | Note
-------+----------+-------------------------------------------
     0 | D:1      | siradein the Vampire Gladiator began the quest for the Orb.
     0 | D:1      | Reached XP level 1. HP: 16/16 MP: 1/1
   534 | D:1      | Slain by a quokka

Illustrated notes

Levels and vault maps discovered:
D:1:      dpeg_arrival_connections, layout_loops_corners

Action                   || total
-------------------------++-------
Melee: Long sword        ||    22
       Bite              ||     1
 Abil: Exsanguinate      ||     1
 Stab: Sleeping          ||     2
Armor: Leather armour    ||     4
Dodge: Dodged            ||    18
       Rpst.: Long sword ||     5

Table legend: (Time is in decaauts)
 A = Elapsed time spent in this place.
 B = Non-inter-level travel time spent in this place.
 C = Inter-level travel time spent in this place.
 D = Time resting spent in this place.
 E = Time spent auto-exploring this place.
 F = Levels seen in this place.
 G = Mean time per level.
                   A        B        C        D        E       F      G
               +--------+--------+--------+--------+--------+-----+--------+
         Total |    539 |    539 |      0 |      0 |    470 |   1 |  539.0 |
       Dungeon |    539 |    539 |      0 |      0 |    470 |   1 |  539.0 |
               +--------+--------+--------+--------+--------+-----+--------+

Top non-repeatable levels by time:
     D:1: 539 daAuts
